 Dungeon Crawl Stone Soup version 0.28-a0-932-g843f935a50 (webtiles) character file.

Game seed: 4531720838612558013

511 enile the Slasher (level 7, 0/90 HPs)
             Began as a Gnoll Cinder Acolyte on Nov 28, 2021.
             Was a High Priest of Ignis.
             Slain by an orc wizard (4 damage)
             ... on level 4 of the Dungeon.
             The game lasted 00:05:08 (3469 turns).

enile the Slasher (Gnoll Cinder Acolyte)            Turns: 3469, Time: 00:05:09

Health: 0/90       AC:  2    Str: 14    XL:     7   Next: 19%
Magic:  9/12       EV:  9    Int: 14    God:    Ignis [*****.]
Gold:   127        SH:  0    Dex:  8    Spells: 8/13 levels left

rFire   + . .      SeeInvis .   d - +3 triple sword (holy)
rCold   . . .      Faith    .   (shield currently unavailable)
rNeg    . . .      Spirit   .   b - +0 robe
rPois   .          Reflect  .   (no helmet)
rElec   .          Harm     .   (no cloak)
rCorr   .          Rampage  .   (no gloves)
Will    .....                   (no boots)
Stlth   ..........              (no amulet)
HPRegen 0.25/turn               (no ring)
MPRegen 0.13/turn               (no ring)

@: brilliant, berserking, constricted, very quick
A: fangs 1, strong nose, distributed training
a: Renounce Religion, Fiery Armour, Foxfire Swarm, Rising Flame


You were on level 4 of the Dungeon.
You worshipped Ignis.
Ignis was extremely pleased with you.
You visited 1 branch of the dungeon, and saw 4 of its levels.

You collected 127 gold pieces.

Inventory:

Hand Weapons
 a - a -1 falchion of flaming
 d - a +3 triple sword of holy wrath (weapon)
Armour
 b - a +0 robe (worn)
Jewellery
 m - a ring of protection from cold
Wands
 l - a wand of acid (4)
 n - a wand of polymorph (7)
 p - a wand of iceblast (11)
Scrolls
 i - a scroll of noise
 j - a scroll of teleportation
 o - a scroll of enchant armour {unknown}
Potions
 e - a potion of berserk rage
 f - a potion of heal wounds {unknown}
 h - a potion of flight {unknown}
 k - a potion of attraction {unknown}


   Skills:
 + Level 7.0 Fighting
 + Level 2.3 Short Blades
 + Level 7.0 Long Blades
 + Level 2.3 Axes
 + Level 2.3 Maces & Flails
 + Level 2.3 Polearms
 + Level 2.3 Staves
 + Level 2.3 Slings
 + Level 2.3 Bows
 + Level 2.3 Crossbows
 + Level 2.3 Throwing
 + Level 2.3 Armour
 + Level 2.3 Dodging
 + Level 2.3 Stealth
 + Level 2.3 Shields
 + Level 2.3 Unarmed Combat
 + Level 3.7 Spellcasting
 + Level 1.9 Conjurations
 + Level 1.9 Hexes
 + Level 1.9 Summonings
 + Level 1.9 Necromancy
 + Level 1.9 Translocations
 + Level 1.9 Transmutations
 + Level 5.8 Fire Magic
 + Level 1.9 Ice Magic
 + Level 1.9 Air Magic
 + Level 1.9 Earth Magic
 + Level 1.9 Poison Magic
 + Level 2.5 Invocations
 + Level 2.3 Evocations


You had 8 spell levels left.
You knew the following spells:

 Your Spells              Type           Power      Damage    Failure   Level
a - Scorch                Fire           56%        2d7       2%          2
b - Tukima's Dance        Hex            11%        N/A       26%         3

Your spell library contained the following spells:

 Spells                   Type           Power      Damage    Failure   Level
 Passage of Golubria      Tloc           11%        N/A       65%         4
 Yara's Violent Unravell  Hex/Tmut       5%         3d4       94%         5


Dungeon Overview and Level Annotations

Branches:
Dungeon (4/15)
 Temple: D:4-7

Altars:
Ru
Trog

Shops:
D:3 [


Innate Abilities, Weirdness & Mutations

You have very sharp teeth.
Your uncanny sense of smell can sniff out nearby items.
Your experience applies equally to all skills.


Message History

You hear some strange, mumbled words.
A magic dart appears from out of thin air!
The magic dart hits you! The ball python barely misses you.
The ball python constricts you. Something hits you.
You barely miss something. The ball python barely misses you.
The ball python constricts you. Something hits you but does no damage.
The ball python misses you. The ball python constricts you.
You closely miss something. The ball python barely misses you.
The ball python constricts you.
You hear some strange, mumbled words.
A puff of flame appears from out of thin air!
The puff of flame hits you. You resist.
You escape the ball python's grasp.
Something hits you. The ball python bites you. The ball python grabs you.
The ball python constricts you.
You barely miss the ball python. The ball python bites you.
The ball python constricts you.
* * * LOW HITPOINT WARNING * * *
Something hits you.
* * * LOW HITPOINT WARNING * * *
You barely miss the ball python.
The ball python bites you but does no damage.
The ball python constricts you. The ball python barely misses you.
The ball python constricts you.
* * * LOW HITPOINT WARNING * * *
Something hits you.
* * * LOW HITPOINT WARNING * * *
It was a potion of brilliance.
You feel clever all of a sudden. The ball python barely misses you.
The ball python constricts you.
You hear some strange, mumbled words.
A magic dart appears from out of thin air!
The magic dart hits you!
* * * LOW HITPOINT WARNING * * *
It was a potion of berserk rage.
A red film seems to cover your vision as you go berserk!
You feel yourself moving faster!
You feel mighty! The ball python bites you.
* * * LOW HITPOINT WARNING * * *
The ball python constricts you. Something hits you.
You die...

.. .. ####..# .. ..
#.##.....## ... ##.. .
.........## .. #... ..##
......#..##### ##... ....#
......# ....###....
.....###.....#####.....<..
...............#..........
.........@................
...>.##..S{...............
... ###................. .
....##....#.............
........[...............
........)...............
####....................
##...................
#.#.................


You could see a ball python.

Vanquished Creatures
  Grinder (D:3)
  Sigmund (D:4)
  A hound (D:3)
  Ijyb (D:3)
  An orc wizard (D:3)
  2 adders (D:3)
  A worm (D:3)
  2 dart slugs
  4 orcs (D:3)
  4 ball pythons
  4 endoplasms
  3 giant cockroaches
  3 goblins
  2 hobgoblins
  3 jackals (D:1)
  A kobold (D:1)
  3 bats
  3 frilled lizards
  4 rats
44 creatures vanquished.

Vanquished Creatures (others)
  A dancing weapon (D:4)
  20 foxfires (D:3)
  2 plants (D:3)
23 creatures vanquished.

Grand Total: 67 creatures vanquished

Notes
Turn   | Place    | Note
-------+----------+-------------------------------------------
     0 | D:1      | enile the Gnoll Cinder Acolyte began the quest for the Orb.
     0 | D:1      | Reached XP level 1. HP: 23/23 MP: 4/4
   195 | D:1      | Reached XP level 2. HP: 20/29 MP: 5/5
   523 | D:1      | Learned a level 2 spell: Scorch
  1046 | D:2      | Reached XP level 3. HP: 35/35 MP: 4/7
  1486 | D:2      | Found a faded altar of an unknown god.
  1882 | D:3      | Found a sacrificial altar of Ru.
  1915 | D:3      | Reached skill level 1 in Invocations
  1970 | D:3      | Found Tatodd's Antique Armour Boutique.
  1978 | D:3      | Noticed Grinder
  2010 | D:3      | Paralysed by Grinder for 5 turns
  2011 | D:3      | Reached skill level 1 in Short Blades
  2011 | D:3      | Reached skill level 1 in Axes
  2011 | D:3      | Reached skill level 1 in Maces & Flails
  2011 | D:3      | Reached skill level 1 in Polearms
  2011 | D:3      | Reached skill level 1 in Staves
  2011 | D:3      | Reached skill level 1 in Slings
  2011 | D:3      | Reached skill level 1 in Bows
  2011 | D:3      | Reached skill level 1 in Crossbows
  2011 | D:3      | Reached skill level 1 in Throwing
  2011 | D:3      | Reached skill level 1 in Armour
  2011 | D:3      | Reached skill level 1 in Dodging
  2011 | D:3      | Reached skill level 1 in Stealth
  2011 | D:3      | Reached skill level 1 in Shields
  2011 | D:3      | Reached skill level 1 in Unarmed Combat
  2011 | D:3      | Reached skill level 1 in Evocations
  2016 | D:3      | Killed Grinder
  2017 | D:3      | Reached skill level 1 in Conjurations
  2017 | D:3      | Reached skill level 1 in Hexes
  2017 | D:3      | Reached skill level 1 in Summonings
  2017 | D:3      | Reached skill level 1 in Necromancy
  2017 | D:3      | Reached skill level 1 in Translocations
  2017 | D:3      | Reached skill level 1 in Transmutations
  2017 | D:3      | Reached skill level 1 in Ice Magic
  2017 | D:3      | Reached skill level 1 in Air Magic
  2017 | D:3      | Reached skill level 1 in Earth Magic
  2017 | D:3      | Reached skill level 1 in Poison Magic
  2017 | D:3      | Reached XP level 4. HP: 9/41 MP: 3/9
  2017 | D:3      | Reached XP level 5. HP: 11/47 MP: 3/10
  2017 | D:3      | Reached XP level 6. HP: 12/53 MP: 3/11
  2289 | D:3      | Learned a level 3 spell: Tukima's Dance
  2449 | D:3      | Noticed Ijyb
  2469 | D:3      | Killed Ijyb
  2695 | D:3      | Found a bloodstained altar of Trog.
  3005 | D:4      | Noticed Sigmund
  3159 | D:3      | Acquired a +3 triple sword of holy wrath
  3458 | D:4      | Killed Sigmund
  3459 | D:4      | Reached XP level 7. HP: 42/60 MP: 8/12
  3468 | D:4      | HP: 3/60 [something/magic dart (7)]
  3469 | D:4      | Slain by an orc wizard

Illustrated notes

Levels and vault maps discovered:
D:1:      dpeg_arrival_windows_large_door, layout_loops_ring,
          minmay_misc_feat_diagonals, minmay_shallow_snake_nest
D:2:      layout_basic, dreamdust_ecumenical_altar_angels_and_demons
D:3:      layout_basic, mainiacjoe_overflow_catch_the_wave, serial_shops,
          nicolae_shop_overgrown_old_shop, uniq_ijyb, uniq_grinder
D:4:      layout_layer_cave, mainiacjoe_overflow_catwalk,
          minmay_temple_entry_butterflies, gammafunk_ghost_stat_death,
          uniq_sigmund, uniq_crazy_yiuf_cottage

Skill      XL: |  1  2  3  4  5  6 |
---------------+-------------------+-----
Invocations    | 2 |  2.5
Short Blades   | 1 2 |  2.3
Axes           | 1 2 |  2.3
Maces & Flails | 1 2 |  2.3
Polearms       | 1 2 |  2.3
Staves         | 1 2 |  2.3
Slings         | 1 2 |  2.3
Bows           | 1 2 |  2.3
Crossbows      | 1 2 |  2.3
Throwing       | 1 2 |  2.3
Armour         | 1 2 |  2.3
Dodging        | 1 2 |  2.3
Stealth        | 1 2 |  2.3
Shields        | 1 2 |  2.3
Unarmed Combat | 1 2 |  2.3
Evocations     | 1 2 |  2.3
Spellcasting   | 3 |  3.7
Conjurations   | 1 |  1.9
Hexes          | 1 |  1.9
Summonings     | 1 |  1.9
Necromancy     | 1 |  1.9
Translocations | 1 |  1.9
Transmutations | 1 |  1.9
Ice Magic      | 1 |  1.9
Air Magic      | 1 |  1.9
Earth Magic    | 1 |  1.9
Poison Magic   | 1 |  1.9
Fighting       | 7 |  7.0
Long Blades    | 7 |  7.0
Fire Magic     | |  5.8

Action                   |  1- 3 |  4- 6 |  7- 9 || total
-------------------------+-------+-------+-------++-------
Melee: Falchion          |    51 |    30 |       ||    81
       Bite              |     3 |     1 |       ||     4
       Unarmed           |       |    15 |       ||    15
       Triple sword      |       |    10 |     5 ||    15
 Cast: Scorch            |    21 |     5 |       ||    26
       Tukima's Dance    |       |     2 |       ||     2
Invok: Foxfire Swarm     |     1 |       |       ||     1
Evoke: Wand              |     1 |       |       ||     1
  Use: Scroll            |       |     4 |       ||     4
       Potion            |       |       |     2 ||     2
 Stab: Sleeping          |       |     1 |       ||     1
Armor: Robe              |    11 |    15 |     2 ||    28
       Skin              |       |     2 |       ||     2
Dodge: Dodged            |    41 |    21 |     7 ||    69

Table legend: (Time is in decaauts)
 A = Elapsed time spent in this place.
 B = Non-inter-level travel time spent in this place.
 C = Inter-level travel time spent in this place.
 D = Time resting spent in this place.
 E = Time spent auto-exploring this place.
 F = Levels seen in this place.
 G = Mean time per level.
                   A        B        C        D        E       F      G
               +--------+--------+--------+--------+--------+-----+--------+
         Total |   3474 |   3362 |    112 |    381 |   2599 |   4 |  868.5 |
       Dungeon |   3474 |   3362 |    112 |    381 |   2599 |   4 |  868.5 |
               +--------+--------+--------+--------+--------+-----+--------+

Top non-repeatable levels by time:
     D:3: 1587 daAuts
     D:1: 1019 daAuts
     D:2: 804 daAuts
     D:4: 62 daAuts
